 Seeded DCSS version 0.30.0-5-g1a98f26d00 (webtiles) character file.

Game seed: 238188602683133450 (custom seed)

54441 GigaChad the Severer (level 15, -6/120 HPs)
             Began as a Formicid Fighter on May 12, 2023.
             Was an Initiate of Gozag.
             Mangled by a radroach (11 damage)
             ... on level 1 of the Spider Nest.
             The game lasted 00:20:11 (15498 turns).

GigaChad the Severer (Formicid Fighter)            Turns: 15498, Time: 00:20:11

Health: -6/120     AC: 26    Str: 27    XL:     15   Next: 14%
Magic:  15/15      EV: 10    Int:  7    God:    Gozag
Gold:   2277       SH:  7    Dex: 13    Spells: 14/14 levels left

rFire   + . .        k - +16 obsidian axe {drain, demonic, Mesm Drain Fly SInv}
rCold   x . .        c - +0 buckler
rNeg    + + .        S - +1 crystal plate armour
rPois   .            (helmet unavailable)
rElec   .            p - +0 cloak
rCorr   +            C - +1 pair of gloves
SInv    +            (no boots)
Will    +++++        P - amulet of the Four Winds {rN+ Will+++ Clar} Stlth
                     B - +5 ring of evasion
HPRegen 0.40/turn    H - ring "Nufej" {Fire +Blink rN+ Will+ rCorr}
MPRegen 0.14/turn

%: clarity
@: flying, mesmerised, slightly contaminated
A: permanent stasis, dig shafts and tunnels, antennae 3, four strong arms, dopey
1
a: Dig, Shaft Self, Renounce Religion, Potion Petition, Call Merchant, Bribe
Branch


You were on level 1 of the Spider Nest.
You worshipped Gozag.
Gozag was most pleased with you.
You visited 3 branches of the dungeon, and saw 16 of its levels.

You collected 4908 gold pieces.
You spent 1841 gold pieces at shops.
You paid 790 gold pieces to Gozag.

Inventory:

Hand Weapons
 a - a +1 war axe
 h - a +1 demon whip of pain
 k - the +16 obsidian axe (weapon) {drain, demonic, Mesm Drain Fly SInv}
   (You acquired it on level 2 of the Dungeon)

   Mesm:      Its wielder is mesmerised by any visible foes, and it cannot be
   unequipped while any foes are visible.
   SInv:      It lets you see invisible.
   Fly:       It grants you flight.
   Drain:     It drains your maximum health when unequipped.
 o - a +3 quarterstaff of chaos
 Q - a +0 demon blade
Missiles
 v - 3 throwing nets
Armour
 b - a +0 scale mail
 c - a +0 buckler (worn)
 p - a +0 cloak (worn)
 t - a +0 chain mail
 C - a +1 pair of gloves (worn)
 E - a +1 plate armour
 S - a +1 crystal plate armour (worn)
Jewellery
 s - an amulet of reflection
 x - a ring of ice
 z - a ring of resist corrosion
 B - a +5 ring of evasion (left hand)
 F - a ring of protection from fire
 H - the ring "Nufej" (right hand) {Fire +Blink rN+ Will+ rCorr}
   (You bought it in a shop on level 6 of the Dungeon)

   [ring of fire]

   It enhances your fire magic.
   rF:        It protects you from fire.
   rC:        It makes you vulnerable to cold.
   rN:        It protects you from negative energy.
   +Blink:    It lets you blink.
   rCorr:     It protects you from acid and corrosion.
   Will:      It increases your willpower.
 I - the ring of Jeetoses {Wiz Int+3}
   (You found it on level 8 of the Dungeon)

   [ring of wizardry]

   It improves your spell success rate.
   Int:       It affects your intelligence (+3).
 K - a ring of flight
 P - the amulet of the Four Winds (around neck) {rN+ Will+++ Clar}
   (You bought it in a shop on level 6 of the Dungeon)

   [amulet of nothing]

   rN:        It protects you from negative energy.
   Clar:      It protects you from confusion, rage, mesmerisation and fear.
   Will:      It greatly increases your willpower.
Wands
 y - a wand of charming (5)
 A - a wand of flame (15)
 J - a wand of mindburst (11)
Scrolls
 f - a scroll of immolation
 i - 6 scrolls of identify
 r - 6 scrolls of blinking
 O - a scroll of noise
 R - 2 scrolls of enchant armour
 T - 3 scrolls of fog {unknown}
Potions
 d - 5 potions of might
 e - 2 potions of lignification {unknown}
 g - 2 potions of ambrosia
 j - a potion of cancellation {unknown}
 l - 4 potions of magic {unknown}
 m - 4 potions of attraction {unknown}
 n - 2 potions of brilliance {unknown}
 q - 8 potions of heal wounds {unknown}
 u - 5 potions of curing {unknown}
 w - 2 potions of mutation {unknown}
 D - 3 potions of resistance {unknown}
 L - a potion of degeneration {unknown}
 N - 2 potions of berserk rage {unknown}
 U - a potion of flight {unknown}
Miscellaneous
 G - a tin of tremorstones (2/2)
 V - a phantom mirror


   Skills:
 * Level 11.9 Fighting
 * Level 17.0(17.1) Axes
 - Level 2.9(11.5) Maces & Flails
 * Level 11.1 Armour
 * Level 11.2 Shields
 * Level 8.2 Necromancy
 * Level 5.0 Evocations


You had 14 spell levels left.
You didn't know any spells.
Your spell library contained the following spells:

 Spells                   Type           Power      Damage    Failure   Level
 Necrotise                Necr           44%        1d6       50%         1
 Apportation              Tloc           0%         N/A       100%        1
 Magic Dart               Conj           0%         1d3       100%        1
 Summon Small Mammal      Summ           0%         N/A       100%        1
 Call Imp                 Summ           0%         N/A       100%        2
 Poisonous Vapours        Pois/Air       0%         N/A       100%        2
 Dazzling Flash           Conj/Hex       0%         N/A       100%        3
 Hailstorm                Conj/Ice       0%         3d3       100%        3
 Inner Flame              Hex/Fire       0%         N/A       100%        3
 Mephitic Cloud           Conj/Pois/Air  0%         N/A       100%        3
 Ice Form                 Ice/Tmut       0%         N/A       100%        4
 Agony                    Necr           11%        N/A       100%        5
 Freezing Cloud           Conj/Ice/Air   0%         6-21      100%        5
 Silence                  Hex/Air        0%         N/A       100%        5
 Yara's Violent Unravell  Hex/Tmut       0%         3d3       100%        5
 Enfeeble                 Hex            0%         N/A       100%        7
 Simulacrum               Ice/Necr       Unusable   N/A       N/A         6

Dungeon Overview and Level Annotations

Branches:
Dungeon (10/15)              Lair (5/5) D:10          Swamp (0/4) Lair:2
 Spider (1/4) Lair:3        Slime (0/5) Lair:4          Orc (0/2) D:9
 Temple: D:4-7

Altars:
Ashenzari
Dithmenos
Elyvilon
Fedhas
Gozag
Trog
Vehumet
Wu Jian
Xom
The Shining One
Lugonu

Shops:
D:6 =   D:8 ?

Portals:
Abyss: Lair:5

Annotations:
D:5 2 transporters, sampeng1's ghost, amateur HuTm


Innate Abilities, Weirdness & Mutations

You cannot be hasted, slowed, berserked, paralysed or teleported.
You can dig through walls and to a lower floor.
You have a pair of large antennae on your head. (SInv)
Your four strong arms can wield two-handed weapons with a shield.
You are dopey. (Int -2)


Message History

The radroach bites your ufetubus.
Your ufetubus dies!
Your ufetubus disappears in a puff of smoke!
Your ufetubus hits the radroach but does no damage. x2
You see here 16 gold pieces.
Your ynoxinul gestures.
Your ufetubus hits the radroach but does no damage. x2
Your ufetubus hits the radroach. x2
The radroach erupts in a fountain of uncontrolled magic!
Your ufetubus is blasted with magical radiation!!!
Your ufetubus dies!
Your ufetubus disappears in a puff of smoke!
Your ufetubus is blasted with magical radiation!!!
Your ufetubus dies!
Your ufetubus disappears in a puff of smoke!
You are blasted with magical radiation!!
* * * LOW HITPOINT WARNING * * *
You are very lightly contaminated with residual magic.
Your ufetubus is blasted with magical radiation!!!
Your ufetubus dies!
Your ufetubus disappears in a puff of smoke!
You see here 4 gold pieces.
Unknown command.
Your ynoxinul gestures.
The radroach bites you.
* * * LOW HITPOINT WARNING * * *
The radroach claws you but does no damage.
Unknown command.
You swap places.
The radroach erupts in a fountain of uncontrolled magic!
You are blasted with magical radiation.
* * * LOW HITPOINT WARNING * * *
You are lightly contaminated with residual magic.
Your ynoxinul is blasted with magical radiation!!!
Your ynoxinul dies!
Your ynoxinul disappears in a puff of smoke!
Your ufetubus disappears in a puff of smoke! x4
You block the radroach's attack. The radroach claws you!
You die...
Your body crumbles into a pile of gold.

....##^. { $ ....$.. { #
##.....# [. ###^...#.. . ..
#.#!.$$#.#######..
..#.#...##$#...#..... { {
........$.$#$.##....
........$ยง$$..#..##
...###B@.........#
######....^$$)..#####
#.........##.#^.<.^.#
...^......$.#.#..###.....##
..###.......####.#..........
#.......#.... #......#......
.....#.#.......##.^#..#......
#....###........#.##).#.#.#..
#..... #......#.###>..# ### .


You could see a radroach (mesmerising).

Vanquished Creatures
  Gastronok (Lair:2)
  A broodmother (Spider:1)
  A hydra (Lair:3)
  An ice dragon (shapeshifter) (Lair:5)
  Erica (Lair:2)
  2 two-headed ogres (D:10)
  2 thrashing horrors (Lair:5)
  Urug (Lair:5)
  A skyshark (Lair:3)
  A pharaoh ant (Spider:1)
  A steelbarb worm (Spider:1)
  2 wolf spiders (Spider:1)
  A cyclops (D:8)
  A shining eye (shapeshifter) (Lair:5)
  An ugly thing (Lair:5)
  11 elephants
  3 black mambas
  Joseph (D:8)
  9 cane toads
  A torpor snail (Spider:1)
  4 rime drakes
  9 komodo dragons
  An ancient zyme (Lair:5)
  2 polar bears
  3 meliai (Spider:1)
  2 tarantellas (Spider:1)
  18 blink frogs
  9 dream sheep (Lair:5)
  3 jumping spiders (Spider:1)
  4 culicivoras (Spider:1)
  2 spriggans (Lair:5)
  31 yaks
  3 wyverns
  2 ynoxinuls (Lair:5)
  3 basilisks
  4 redbacks (Spider:1)
  A steam dragon (D:9)
  A chaos spawn (Lair:5)
  2 large abominations (Lair:5)
  5 small abominations (Lair:5)
  17 water moccasins
  2 ice beasts
  2 black bears
  3 orc warriors
  A sky beast (D:6)
  14 wolves
  3 ogres
  2 phantoms
  10 bullfrogs
  A gnoll sergeant (D:10)
  3 scorpions
  8 wights
  4 killer bees (D:9)
  3 hounds
  A jelly (D:5)
  Crazy Yiuf (D:2)
  2 gnoll boudas
  5 orc priests
  3 sleepcaps
  2 iguanas
  9 orc wizards
  4 hell rats (Lair:2)
  8 adders
  9 gnolls
  3 shadow imps
  A white imp (D:5)
  An ufetubus (D:5)
  2 worms
  A dart slug (D:3)
  42 orcs
  7 ball pythons
  5 bats
  4 endoplasms
  3 giant cockroaches
  5 hobgoblins
  2 jackals (D:1)
  2 quokkas (D:3)
  5 frilled lizards
  14 goblins
  2 kobolds
  6 rats
374 creatures vanquished.

Vanquished Creatures (collateral kills)
  Snorg (Lair:3)
  A hydra (Lair:4)
  A boulder beetle (Lair:1)
  A pharaoh ant (Spider:1)
  A skyshark (Lair:4)
  3 orb spiders (Spider:1)
  A bog body (Lair:2)
  A large abomination (Lair:5)
  A wolf spider (Spider:1)
  2 elephants (Lair:3)
  2 rime drakes
  3 komodo dragons
  3 blink frogs
  2 dream sheep (Lair:5)
  A culicivora (Spider:1)
  3 jumping spiders (Spider:1)
  7 yaks
  5 redbacks (Spider:1)
  A chaos spawn (Lair:5)
  2 water moccasins
  An orc warrior (D:9)
  A black bear (Lair:2)
  A wolf (Lair:1)
  A centaur (shapeshifter) (Lair:5)
  A bullfrog (Lair:3)
  2 small abominations (Lair:5)
  An orc priest (D:6)
  An orc wizard (D:5)
  An adder (D:3)
  A worm (D:3)
  12 orcs
  A bat (D:3)
  An endoplasm (D:3)
  A giant cockroach (D:3)
  A hobgoblin (D:4)
  A kobold (D:3)
  A quokka (D:3)
  2 frilled lizards (D:3)
  2 rats (D:3)
75 creatures vanquished.

Grand Total: 449 creatures vanquished

Notes
Turn   | Place    | Note
-------+----------+-------------------------------------------
     0 | D:1      | GigaChad the Formicid Fighter began the quest for the Orb.
     0 | D:1      | Reached XP level 1. HP: 18/18 MP: 1/1
   231 | D:1      | Reached XP level 2. HP: 20/24 MP: 2/2
  1128 | D:2      | Reached XP level 3. HP: 28/30 MP: 3/3
  1176 | D:2      | Found a faded altar of an unknown god.
  1609 | D:2      | Reached XP level 4. HP: 33/37 MP: 4/4
  1768 | D:2      | Found a runed translucent door.
  1769 | D:2      | Noticed Crazy Yiuf
  1891 | D:2      | Killed Crazy Yiuf
  1892 | D:2      | Reached skill level 1 in Maces & Flails
  1899 | D:2      | Identified a scroll of acquirement
  1899 | D:2      | Acquired the +16 obsidian axe {drain, demonic, Mesm Drain
                  | Fly SInv}
  1899 | D:2      | Found the +16 obsidian axe {drain, demonic, Mesm Drain Fly
                  | SInv}
  2015 | D:3      | Reached XP level 5. HP: 42/42 MP: 5/5
  2016 | D:3      | Reached skill level 1 in Necromancy
  2047 | D:3      | Reached skill level 3 in Axes
  2122 | D:3      | Reached XP level 6. HP: 48/48 MP: 6/6
  2743 | D:4      | Found a white marble altar of Elyvilon.
  2796 | D:4      | Found an ornate altar of the Wu Jian Council.
  2893 | D:4      | Found a glowing golden altar of the Shining One.
  2948 | D:4      | Noticed an ogre
  2953 | D:4      | Killed an ogre
  2954 | D:4      | Reached skill level 4 in Axes
  2954 | D:4      | Reached XP level 7. HP: 55/55 MP: 7/7
  3157 | D:4      | Reached skill level 5 in Shields
  3466 | D:4      | Reached skill level 5 in Axes
  3681 | D:5      | Entered Level 5 of the Dungeon
  3689 | D:5      | Reached XP level 8. HP: 61/61 MP: 8/8
  3703 | D:5      | Found a transporter.
  3706 | D:5      | Noticed sampeng1's ghost (amateur HuTm)
  3847 | D:5      | Found a transporter.
  3908 | D:5      | Reached skill level 5 in Fighting
  3997 | D:5      | Found an opulent altar of Gozag.
  4017 | D:5      | Reached skill level 5 in Armour
  4037 | D:5      | Became a worshipper of Gozag Ym Sagoz the Greedy
  4366 | D:6      | Reached skill level 6 in Axes
  4383 | D:6      | Found a shadowy altar of Dithmenos.
  4388 | D:6      | Acquired 752 gold pieces
  4615 | D:6      | Reached skill level 7 in Axes
  4615 | D:6      | Reached XP level 9. HP: 68/68 MP: 9/9
  4896 | D:6      | Found a radiant altar of Vehumet.
  5637 | D:7      | Reached skill level 8 in Axes
  6077 | D:7      | Identified the +12 sling of Slow Death {speed, rF+ rC+
                  | rCorr Dex+3}
  6159 | D:6      | Bought the ring "Nufej" {Fire +Blink rN+ Will+ rCorr} for
                  | 870 gold pieces
  6228 | D:8      | Found Utaskel's Magic Scroll Boutique.
  6352 | D:8      | Found a blossoming altar of Fedhas.
  6356 | D:8      | Noticed a cyclops
  6362 | D:8      | Killed a cyclops
  6368 | D:8      | Identified the ring of Jeetoses {Wiz Int+3}
  6442 | D:8      | Reached skill level 9 in Axes
  6450 | D:8      | Reached XP level 10. HP: 73/77 MP: 10/10
  6489 | D:8      | Noticed Joseph
  6499 | D:8      | Killed Joseph
  7258 | D:9      | Found a shimmering altar of Xom.
  7367 | D:9      | Reached skill level 10 in Axes
  7584 | D:9      | Found a staircase to the Orcish Mines.
  8283 | D:10     | Entered Level 10 of the Dungeon
  8428 | D:10     | Found a bloodstained altar of Trog.
  8456 | D:10     | Found a staircase to the Lair.
  8466 | D:10     | Noticed a two-headed ogre
  8467 | D:10     | Found a broken altar of Ashenzari.
  8473 | D:10     | Killed a two-headed ogre
  8747 | D:10     | Reached XP level 11. HP: 84/84 MP: 11/11
  8876 | D:10     | Reached skill level 11 in Axes
  8886 | D:10     | Reached skill level 5 in Necromancy
  8985 | D:10     | Noticed a two-headed ogre
  8991 | D:10     | Killed a two-headed ogre
  9169 | Lair:1   | Entered Level 1 of the Lair of Beasts
  9171 | Lair:1   | Noticed a boulder beetle
  9188 | Lair:1   | Killed a boulder beetle
  9189 | Lair:1   | Reached skill level 12 in Axes
  9469 | Lair:1   | Found a shadowy altar of Dithmenos.
  9586 | Lair:1   | Reached XP level 12. HP: 68/94 MP: 12/12
 10015 | Lair:2   | Reached skill level 13 in Axes
 10642 | Lair:2   | Found a staircase to the Swamp.
 10770 | Lair:2   | Noticed Erica
 10779 | Lair:2   | Killed Erica
 10806 | Lair:2   | Reached skill level 14 in Axes
 11219 | D:6      | Bought the amulet of the Four Winds {rN+ Will+++ Clar} for
                  | 971 gold pieces
 11219 | D:6      | Found the amulet of the Four Winds {rN+ Will+++ Clar}
 11587 | Lair:2   | Noticed Gastronok
 11604 | Lair:2   | Killed Gastronok
 11605 | Lair:2   | Reached skill level 1 in Evocations
 11605 | Lair:2   | Reached XP level 13. HP: 89/102 MP: 13/13
 12074 | Lair:3   | Noticed Snorg
 12083 | Lair:3   | Killed Snorg
 12189 | Lair:3   | Reached skill level 10 in Fighting
 12597 | Lair:3   | Noticed a seven-headed hydra
 12603 | Lair:3   | Killed a ten-headed hydra
 12604 | Lair:3   | Reached skill level 15 in Axes
 12604 | Lair:3   | Reached skill level 10 in Shields
 12643 | Lair:3   | Found a hole to the Spider Nest.
 12877 | Lair:4   | Noticed an eight-headed hydra
 12884 | Lair:4   | Reached skill level 10 in Armour
 12884 | Lair:4   | Killed a nine-headed hydra
 12971 | Lair:4   | Found a staircase to the Slime Pits.
 13487 | Lair:5   | Entered Level 5 of the Lair of Beasts
 13537 | Lair:5   | Reached XP level 14. HP: 111/111 MP: 14/14
 14138 | Lair:5   | Noticed Urug
 14145 | Lair:5   | Killed Urug
 14146 | Lair:5   | Reached skill level 16 in Axes
 14326 | Lair:5   | Identified the +1 robe of the Lich-sworn {rElec rPois rF++
                  | Dex-4}
 14683 | Lair:5   | Found a corrupted altar of Lugonu.
 14683 | Lair:5   | Found a one-way gate to the infinite horrors of the Abyss.
 14892 | Lair:5   | Gained mutation: You are dopey. (Int -2) [a shining eye]
 15389 | Spider:1 | Entered Level 1 of the Spider Nest
 15395 | Spider:1 | Noticed a broodmother
 15410 | Spider:1 | Killed a broodmother
 15415 | Spider:1 | HP: 1/113 [wolf spider (8)]
 15425 | Spider:1 | Reached XP level 15. HP: 5/120 MP: 15/15
 15449 | Spider:1 | Reached skill level 17 in Axes
 15449 | Spider:1 | Reached skill level 5 in Evocations
 15496 | Spider:1 | HP: 6/120 [radroach (2)]
 15498 | Spider:1 | Mangled by a radroach

Illustrated notes

Levels and vault maps discovered:
D:1:      nagdon_arrival_zigzag_paths, layout_basic
D:2:      layout_loops_corners, shapermc_ecumenical_altar_totnotflames,
          uniq_crazy_yiuf_cottage
D:3:      layout_basic, serial_park_tiny_1, grunt_decor_clamped,
          minmay_randomly_rotated_circles
D:4:      minmay_polygon_palace, layout_basic, nicolae_elyvilon_peaceful_grove,
          mainiacjoe_overflow_catch_the_wave, serial_corexii_hall,
          corexii_hall_statues_x, corexii_hall_statues_x
D:5:      layout_cave_pools, marbit_many_paths, gammafunk_ghost_arena,
          serial_column_ruins, column_ruins_grid_1, column_ruins_open_tiny,
          column_ruins_grid_1, column_ruins_grid_3
D:6:      layout_basic, grunt_dithmenos_smoke, overflow_temple_1_default,
          serial_glass, glass_columns_a, glass_columns_a
D:7:      layout_loops_ring, minmay_temple_entry_large_hall
D:8:      layout_basic, mainiacjoe_overflow_alcove_2, serial_shops, shop,
          hangedman_decor_slide_cut, uniq_joseph
D:9:      layout_stronghold, kennysheep_little_box, orc_0_dummy,
          chequers_garden, dreamdust_gnoll_shepherd
D:10:     layout_irregular_city, nicolae_overflow_hidden_temple,
          lemuel_doored_altar, lair_entry_dummy
Lair:1:   layout_cave_shapes, basic_altar
Lair:2:   layout_cave_pods, skrybe_swamp_entry_bodies, portal_ice_cave_rime,
          beast_lair_carwin_4, grunt_megastairs_5, infiniplex_staircase_pool_2,
          uniq_erica, uniq_gastronok
Lair:3:   layout_chaotic_city, spider_nest_entry_a, st_stairs_4, uniq_snorg
Lair:4:   layout_gridlike, dpeg_slime_entry_corner, serial_bayou_shore_a
Lair:5:   hellmonk_lair_end_abyssal_woods, layout_cave_pods,
          chequers_serial_rivers_micro_a, st_stairs_8, uniq_urug
Spider:1: layout_spider_delve, nicolae_spider_circle_web

Skill      XL: |  1  2  3  4  5  6  7  8  9 10 11 12 13 14 15 |
---------------+----------------------------------------------+-----
Fighting       | 4 5 6 7 8 9 10 11 | 11.9
Maces & Flails | 1 2 |  2.9
Armour         | 4 5 6 7 8 9 10 11 | 11.1
Necromancy     | 1 2 3 4 5 6 7 8 |  8.2
Axes           | 3 4 5 7 9 10 12 14 15 16 17 | 17.0
Shields        | 5 6 7 8 9 10 11 | 11.2
Evocations     | 1 3 4 5 |  5.0

Action                     |  1- 3 |  4- 6 |  7- 9 | 10-12 | 13-15 || total
---------------------------+-------+-------+-------+-------+-------++-------
  Melee: War axe           |    44 |       |       |       |       ||    44
         Demon whip        |    25 |     9 |       |       |       ||    34
         Broad axe         |       |    36 |   129 |   236 |   301 ||   702
 Invoke: Call Merchant     |       |       |     1 |       |       ||     1
    Use: Scroll            |     3 |     4 |     4 |     6 |     2 ||    19
   Stab: Distracted        |       |       |       |     5 |     1 ||     6
 Armour: Scale mail        |    31 |     6 |       |       |       ||    37
         Chain mail        |       |    13 |    54 |       |       ||    67
         Plate armour      |       |       |     1 |    74 |    36 ||   111
         Crystal plate arm |       |       |       |       |   107 ||   107
  Dodge: Dodged            |    32 |    13 |    46 |    87 |   116 ||   294
  Block: Buckler           |    19 |    17 |    32 |    62 |    86 ||   216
